 Dungeon Crawl Stone Soup version 0.30.1-11-g7821555f0a (webtiles) character file.

Game seed: 15899057207543798533

18 hawla the Firebug (level 3, -1/26 HPs)
             Began as a Meteoran Fire Elementalist on Nov 17, 2023.
             Slain by an iguana (10 damage)
             ... on level 4 of the Dungeon.
             The game lasted 00:01:59 (257 turns).

hawla the Firebug (Meteoran Fire Elementalist)       Turns: 257, Time: 00:02:00

Health: -1/26      AC:  3    Str:  9    XL:     3   Next: 5%
Magic:  8/8        EV: 12    Int: 19    God:
Gold:   70         SH:  0    Dex: 14    Spells: 4/7 levels left

rFire   . . .        d - staff of death
rCold   . . .        (no shield)
rNeg    + . .        a - +1 robe
rPois   .            (no helmet)
rElec   .            (no cloak)
rCorr   .            (no gloves)
SInv    .            (no boots)
Will    .....        (no amulet)
Stlth   +            (no ring)
HPRegen 0.24/turn    (no ring)
MPRegen 0.11/turn

%: no passive effects
@: glowing
A: sense surroundings 1, otherworldly, glowing, explore regen
a: no special abilities


You were on level 4 of the Dungeon.
You visited 1 branch of the dungeon, and saw 4 of its levels.

You collected 70 gold pieces.

Inventory:

Armour
 a - a +1 robe (worn)
Magical Staves
 d - a staff of death (weapon)
Potions
 b - a potion of magic


   Skills:
 + Level 0.1 Staves
 - Level 2.5 Dodging
 - Level 1.4 Stealth
 - Level 2.9 Spellcasting
 - Level 1.2 Conjurations
 - Level 4.4 Fire Magic


You had 4 spell levels left.
You knew the following spells:

 Your Spells              Type           Power      Damage    Failure   Level
a - Foxfire               Conj/Fire      52%        2x1d6     4%          1
b - Scorch                Fire           38%        2d7       3%          2

Your spell library contained the following spells:

 Spells                   Type           Power      Damage    Failure   Level
 Inner Flame              Hex/Fire       11%        N/A       19%         3
 Volatile Blastmotes      Fire/Tloc      22%        2d11      19%         3
 Flame Wave               Conj/Fire      13%        2d6       43%         4


Dungeon Overview and Level Annotations

Branches:
Dungeon (4/15) Zot: 2142
 Temple: D:4-7

Altars:


Innate Abilities, Weirdness & Mutations

You passively map a small area around you.
You are easily found by Zot.
You glow in the dark.
You regain HP and MP as you explore.


Message History

It is a scroll of enchant armour.
Your +0 robe glows green for a moment.
There is a stone staircase leading up here.
Found a stone staircase leading down.
A quokka comes into view.
Found a stone staircase leading up.
An orc comes into view. It is wielding a +0 dagger.
The orc shouts!
An orc priest comes into view. It is wielding a +0 short sword.
Found a scroll of enchant armour.
The orc priest shouts!
The quokka closely misses you.
You closely miss the quokka. The quokka bites you.
The quokka bites you but does no damage.
An iguana comes into view.
You closely miss the quokka. The quokka barely misses you.
The iguana hisses angrily.
You hit the quokka.
The quokka is lightly wounded.
The quokka misses you.
An orc comes into view. It is wielding a +0 club.
The quokka bites you.
Casting: Foxfire (safe; 4% risk of failure)
Confirm with . or Enter, or press ? or * to list all spells.
Okay, then.
The orc hits you with a +0 dagger.
Found a scroll labelled EMYCHI QIUCW.
The orc hits you but does no damage.
The orc shouts!
The orc priest barely misses you.
The orc priest attacks as you move away!
The orc priest hits you with a +0 short sword.
The quokka attacks as you move away! The quokka closely misses you.
The iguana bites you.
The orc priest calls down the wrath of Beogh upon you.
Beogh smites you!
* * * LOW HITPOINT WARNING * * *
Found 14 gold pieces.
The quokka bites you.
There is a stone staircase leading up here.
The iguana bites you!
You die...

...#.#...##......#
,
,..##.#.......#.>.#
###
#..#.[....#..###
.....###.........#
................##
*#.,.............#
, #
..#.......o...##
,***.
#.....orl....#..
.........@o......
..........#...#.. ,
.#........#..?# , *
#......... .... , *
, ##.......?. #...
#..........* .. , ,
#.......... # ,
........$.. * , ,


You could see an iguana, an orc priest, 2 orcs and a quokka.

Vanquished Creatures
  An adder (D:2)
  3 endoplasms
  2 giant cockroaches
  A quokka (D:1)
7 creatures vanquished.

Vanquished Creatures (others)
  20 foxfires
20 creatures vanquished.

Grand Total: 27 creatures vanquished

Notes
Turn   | Place    | Note
-------+----------+-------------------------------------------
     0 | D:1      | hawla the Meteoran Fire Elementalist began the quest for
                  | the Orb.
     0 | D:1      | Reached XP level 1. HP: 14/14 MP: 5/5
    84 | D:2      | Reached skill level 4 in Fire Magic
    84 | D:2      | Reached XP level 2. HP: 13/20 MP: 3/6
    87 | D:2      | Learned a level 2 spell: Scorch
   204 | D:3      | Reached XP level 3. HP: 26/26 MP: 5/8
   257 | D:4      | Slain by an iguana

Illustrated notes

Levels and vault maps discovered:
D:1:      kennysheep_arrival_seaside, layout_basic,
          chequers_serial_rivers_large_a, minmay_tripent
D:2:      layout_basic, basic_altar, serial_shops, shop_statue
D:3:      layout_rooms, overflow_temple_1_default, trog_hazing_becter,
          nicolae_ashenzari_skybound, uniq_terence
D:4:      layout_cave_pools

Skill      XL: |  1 |
---------------+----+-----
Fire Magic     | 4 |  4.4
Staves         | |  0.1
Dodging        | |  2.5
Stealth        | |  1.4
Spellcasting   | |  2.9
Conjurations   | |  1.2

Action                     || total
---------------------------++-------
  Melee: Unarmed           ||     5
         Staff             ||     4
         Punch             ||     1
   Cast: Foxfire           ||    11
         Scorch            ||     1
    Use: Scroll            ||     2
 Armour: Robe              ||     3
  Dodge: Dodged            ||    11
